 Dungeon Crawl Stone Soup version 0.30-a0-465-g8901f6c8b5 (webtiles) character file.

Game seed: 9487863745286201336

11343 themarg the Destroyer (level 11, -1/89 HPs)
             Began as a Black Draconian Conjurer on Dec 18, 2022.
             Was a Priest of Hepliaklqana.
             Slain by a five-headed hydra (6 damage)
             ... on level 8 of the Dungeon on Dec 19, 2022.
             The game lasted 00:42:07 (12307 turns).

themarg the Destroyer (Black Draconian Conjurer)   Turns: 12307, Time: 00:42:08

Health: -1/89      AC: 13    Str: 10    XL:     11   Next: 48%
Magic:  10/24      EV: 13    Int: 22    God:    Hepliaklqana [***...]
Gold:   368        SH:  0    Dex: 10    Spells: 15/29 levels left

rFire   . . .      SeeInvis +    a - +0 dagger (venom)
rCold   . . .      Faith    .    (no shield)
rNeg    . . .      Spirit   .    (body armour unavailable)
rPois   .          Reflect  .    (helmet restricted)
rElec   +          Harm     .    s - +2 cloak
rCorr   .          Rampage  .    I - +0 pair of gloves
Will    .....                    m - +1 pair of boots
Stlth   ++........               l - amulet of the acrobat
HPRegen 0.34/turn                j - ring of see invisible
MPRegen 0.19/turn                (no ring)

@: no status effects
A: reduced essence, breathe lightning, AC +7, unfitting armour, electricity
resistance, cold-blooded
a: Breathe Lightning, Renounce Religion, Recall Ancestor, Ancestor Identity,
Transference


You were on level 8 of the Dungeon.
You worshipped Hepliaklqana.
Hepliaklqana was most pleased with you.
You visited 2 branches of the dungeon, and saw 9 of its levels.
You also visited: Sewer.

You collected 458 gold pieces.
You spent 90 gold pieces at shops.

Inventory:

Hand Weapons
 a - a +0 dagger of venom (weapon)
Missiles
 b - 107 stones
 h - 43 poisoned darts (quivered)
 v - 8 boomerangs
 A - 6 datura-tipped darts
 H - 2 curare-tipped darts
Armour
 m - a +1 pair of boots (worn)
 s - a +2 cloak (worn)
 I - a +0 pair of gloves (worn)
Jewellery
 j - a ring of see invisible (left hand)
 l - an amulet of the acrobat (around neck)
Wands
 c - a wand of mindburst (13)
 y - a wand of flame (23)
 L - a wand of polymorph (3)
Scrolls
 e - 4 scrolls of fear
 f - a scroll of brand weapon {unknown}
 k - 6 scrolls of teleportation
 n - 2 scrolls of butterflies
 o - 2 scrolls of immolation {unknown}
 q - a scroll of fog {unknown}
 r - 2 scrolls of poison {unknown}
 w - a scroll of enchant weapon {unknown}
 x - a scroll of noise {unknown}
 C - 2 scrolls of blinking {unknown}
 E - a scroll of acquirement {unknown}
 G - a scroll of vulnerability {unknown}
 J - a scroll of identify
 K - a scroll of magic mapping {unknown}
Potions
 d - 6 potions of curing
 g - a potion of heal wounds
 i - 5 potions of flight
 p - 2 potions of degeneration
 t - 3 potions of resistance
 u - a potion of invisibility {unknown}
 z - 2 potions of brilliance
 B - a potion of attraction {unknown}
 D - a potion of mutation {unknown}
 F - a potion of lignification {unknown}


   Skills:
 - Level 10.0 Fighting
 - Level 5.0 Dodging
 - Level 3.0 Stealth
 + Level 9.9 Spellcasting
 - Level 10.0 Conjurations
 - Level 3.0 Hexes
 - Level 3.0 Translocations
 - Level 3.0 Air Magic


You had 15 spell levels left.
You knew the following spells:

 Your Spells              Type           Power      Damage    Failure   Level
a - Magic Dart            Conj           100%       1d8       1%          1
b - Searing Ray           Conj           100%       2d8       1%          2
c - Fulminant Prism       Conj/Hex       19%        3d11      4%          4
d - Iskenderun's Mystic   Conj/Tloc      39%        2d9       4%          4
e - Mephitic Cloud        Conj/Pois/Air  30%        N/A       3%          3

Your spell library contained the following spells:

 Spells                   Type           Power      Damage    Failure   Level
 Dazzling Flash           Conj/Hex       78%        N/A       1%          3
 Blink                    Tloc           48%        N/A       2%          2
 Manifold Assault         Tloc           24%        N/A       19%         4
 Summon Forest            Summ/Tloc      8%         N/A       67%         5
 Storm Form               Tmut/Air       8%         N/A       100%        7


Dungeon Overview and Level Annotations

Branches:
Dungeon (8/15)             Temple (1/1) D:4            Lair (0/5) D:8
  Sewer (visited)

Altars:
Ashenzari
Cheibriados
Dithmenos
Elyvilon
Fedhas
Gozag
Hepliaklqana
Kikubaaqudgha
Makhleb
Nemelex Xobeh
Okawaru
Qazlal
Ru
Sif Muna
Trog
Uskayaw
Vehumet
Wu Jian
Xom
Zin
The Shining One

Shops:
D:5 =   D:6 *([*(   D:8 =

Annotations:
D:4 2 transporters, Dordric's ghost, amateur TrCK


Innate Abilities, Weirdness & Mutations

Your life essence is reduced to manifest your ancestor. (-10% HP)
You can breathe wild blasts of lightning.
Your glossy black scales are hard. (AC +7)
You cannot fit into any form of body armour.
You are resistant to electric shocks. (rElec)
You are cold-blooded and may be slowed by cold attacks.


Message History

The unseen horror is engulfed in noxious fumes.
The unseen horror appears confused.
The unseen horror is engulfed in noxious fumes.
The unseen horror appears confused.
The gargoyle barely misses you.
The basilisk hisses menacingly.
The unseen horror is engulfed in noxious fumes.
The unseen horror hits the gargoyle!
The gargoyle is destroyed!
You closely miss FBHTFHTCG.
You are engulfed in noxious fumes.
You choke on the stench!
You are more confused.
The unseen horror changes into a black mamba!
You are engulfed in noxious fumes.
You choke on the stench!
You are more confused.
You see here a +0 flail.
You hit the five-headed hydra.
Your tail-slap misses the five-headed hydra.
The five-headed hydra is moderately wounded.
You are engulfed in noxious fumes.
You choke on the stench!
You are more confused.
The black mamba changes into a yaktaur!
A centaur comes into view.
It is wielding the +8 dire flail "Umag" {elec, rC+ Str+4}.
The five-headed hydra bites you! The five-headed hydra bites you.
The five-headed hydra completely misses you.
The five-headed hydra bites you. The five-headed hydra bites you!
You feel better.
You are engulfed in noxious fumes.
You choke on the stench!
You are confused.
The five-headed hydra bites you! x2
* * * LOW HITPOINT WARNING * * *
The five-headed hydra bites you.
* * * LOW HITPOINT WARNING * * *
The five-headed hydra bites you but does no damage.
The five-headed hydra bites you!
* * * LOW HITPOINT WARNING * * *
FBHTFHTCG blocks your attack.
You feel less confused. The five-headed hydra bites you!
* * * LOW HITPOINT WARNING * * *
The five-headed hydra bites you.
You die...

#...##..#..# #.##.#.#.#.
........#..###.....## #.####)#.#.
...##...##..###cl*#####.###..#.#.
...########.###WJQ#####(####.#.#.
...# #..###c## ##.).###.#.#) ####
##.###l## ##.).#####.## #### ###
#..##c# ###..)####...# ##8###8###
##.##D###.'..['.###.## .........#
#..#@##.#######)##)## .........#
##.#R#########.##)##. .........#
#.##.........##.##.. ##8###8#.#
#..#.###.###.##.##..
########.######.###.....###.####.
..........∩..##..#......[##.#.##.
..###........###.##..#..##.##..##
...##........# #..#..#..##.#...##
....#........# ##.##...##.##....#


You could see the friendly FBHTFHTCG the knight, a five-headed hydra (ally
target), a slime creature, a centaur warrior, a yaktaur shaped shifter, a
basilisk, a basilisk shaped shifter, a wraith, a tengu conjurer, a centaur and a
battlesphere (distracted).

Vanquished Creatures
  A centaur warrior (D:7)
  A two-headed ogre (D:7)
  A deep elf pyromancer (D:8)
  A cyclops (D:8)
  3 gargoyles
  A komodo dragon (D:7)
  A troll (D:6)
  2 hornets (D:8)
  5 yaks (D:7)
  A wyvern (D:8)
  A steam dragon (D:8)
  A warg (D:8)
  6 water moccasins
  Pargi (D:4)
  2 ice beasts
  3 orc warriors
  4 sky beasts
  3 black bears
  2 ogres
  4 centaurs
  A phantom (D:6)
  6 bullfrogs
  3 gnoll sergeants
  4 kobold brigands
  2 scorpions
  6 wights (D:8)
  A howler monkey (D:6)
  3 jellies
  3 gnoll boudas
  A hound (D:5)
  Crazy Yiuf (D:3)
  6 orc priests
  11 orc wizards
  3 iguanas
  A merfolk siren (Sewer)
  A merfolk avatar (Sewer)
  Robin (D:3)
  16 gnolls
  7 adders
  2 white imps
  2 dart slugs
  25 orcs
  9 ball pythons
  10 endoplasms
  7 giant cockroaches
  10 hobgoblins
  11 kobolds
  10 quokkas
  2 bats (D:1)
  4 frilled lizards
  13 goblins
  31 rats
  2 butterflies (D:4)
259 creatures vanquished.

Vanquished Creatures (collateral kills)
  A hornet (D:8)
  A warg (D:8)
  An orc warrior (D:8)
  An ice beast (D:8)
  A centaur (D:8)
  2 kobold brigands (D:8)
  2 necrophages
  2 wights (D:8)
  A killer bee (D:8)
  2 orc priests
  An orc wizard (D:8)
  A gnoll (D:6)
  5 orcs
  3 kobolds (D:8)
24 creatures vanquished.

Vanquished Creatures (others)
  A centaur warrior (D:8)
  4 ancestors
  6 fulminant prisms
  14 plants
25 creatures vanquished.

Grand Total: 308 creatures vanquished

Notes
Turn   | Place    | Note
-------+----------+-------------------------------------------
     0 | D:1      | themarg the Draconian Conjurer began the quest for the Orb.
     0 | D:1      | Reached XP level 1. HP: 14/14 MP: 3/3
     3 | D:1      | Noticed an electric eel
     4 | D:1      | Noticed an electric eel
   333 | D:1      | Reached XP level 2. HP: 17/20 MP: 0/5
   336 | D:1      | Learned a level 2 spell: Searing Ray
  1082 | D:1      | Reached XP level 3. HP: 26/26 MP: 4/6
  2643 | D:3      | Reached XP level 4. HP: 29/33 MP: 4/8
  2777 | D:3      | Found a faded altar of an unknown god.
  2856 | D:3      | Reached skill level 5 in Conjurations
  2856 | D:3      | Reached XP level 5. HP: 38/38 MP: 3/10
  3023 | D:3      | Noticed Robin
  3030 | D:3      | Killed Robin
  3212 | D:3      | Found a runed translucent door.
  3213 | D:3      | Noticed Crazy Yiuf
  3559 | D:3      | Killed Crazy Yiuf
  3784 | D:4      | Found a glowing drain.
  3788 | Sewer    | Entered a sewer
  4185 | Sewer    | Reached XP level 6. HP: 27/45 MP: 1/12
  4361 | D:4      | Found a transporter.
  4465 | D:4      | Noticed Dordric's ghost (amateur TrCK)
  4484 | D:4      | Found a transporter.
  4493 | D:4      | Noticed an ice beast
  4595 | D:4      | Found a staircase to the Ecumenical Temple.
  4595 | D:4      | Noticed Pargi
  4604 | D:4      | Killed Pargi
  4611 | Temple   | Entered the Ecumenical Temple
  4792 | Temple   | Became a worshipper of Hepliaklqana the Forgotten
  5215 | D:5      | Entered Level 5 of the Dungeon
  5238 | D:5      | Your scales start taking on a glossy black colour.
  5238 | D:5      | Reached XP level 7. HP: 50/50 MP: 7/14
  5238 | D:5      | Gained mutation: You are resistant to electric shocks.
                  | (rElec) [Black Draconian growth]
  5368 | D:5      | Reached skill level 5 in Spellcasting
  5498 | D:5      | Found Vuigreel's One-of-a-Kind Rings.
  5546 | D:5      | Found an ancient bone altar of Kikubaaqudgha.
  6110 | D:6      | Found Nodghedig's Assorted Antiques.
  6110 | D:6      | You fall into a shaft and drop 1 floor!
  6334 | D:6      | Found Zenluted's General Store.
  6337 | D:6      | Reached * piety under Hepliaklqana
  6383 | D:6      | Bought a scroll of enchant armour for 90 gold pieces
  6387 | D:6      | Found Xeps's Antique Weapon Boutique.
  6395 | D:6      | Reached XP level 8. HP: 51/51 MP: 6/15
  7345 | D:6      | Reached skill level 1 in Fighting
  7413 | D:6      | Reached skill level 1 in Translocations
  7511 | D:6      | Reached skill level 1 in Hexes
  7559 | D:6      | Found Pibote Kaiq's Antique Armour Boutique.
  7727 | D:6      | Found Putath's Weapon Shop.
  7902 | D:6      | Noticed a troll
  7997 | D:6      | Learned a level 4 spell: Fulminant Prism
  8002 | D:6      | Learned a level 4 spell: Iskenderun's Mystic Blast
  8020 | D:6      | Killed a troll
  8021 | D:6      | Reached XP level 9. HP: 28/63 MP: 0/16
  8452 | D:7      | Reached skill level 10 in Conjurations
  8459 | D:7      | Reached skill level 5 in Fighting
  9224 | D:7      | Noticed a komodo dragon
  9246 | D:7      | Reached XP level 10. HP: 74/81 MP: 8/17
  9390 | D:7      | Noticed a gargoyle
  9513 | D:7      | Killed a gargoyle
  9514 | D:7      | Reached skill level 10 in Fighting
  9601 | D:7      | Got the Dissertation on Harmful Apparitions
  9704 | D:7      | Reached skill level 1 in Air Magic
  9812 | D:7      | Noticed a gargoyle
  9812 | D:7      | Noticed a centaur warrior
  9812 | D:7      | Noticed a two-headed ogre
  9822 | D:7      | Killed a centaur warrior
  9824 | D:7      | Killed a gargoyle
  9855 | D:7      | Killed a two-headed ogre
 10169 | D:7      | Reached ** piety under Hepliaklqana
 10170 | D:7      | Remembered your ancestor FBHTFHTCG as a knight
 10239 | D:7      | Learned a level 3 spell: Mephitic Cloud
 10302 | D:8      | Found a shimmering altar of Xom.
 10302 | D:8      | Found a sacrificial altar of Ru.
 10302 | D:8      | Found a radiant altar of Vehumet.
 10302 | D:8      | Found a hide-covered altar of Uskayaw.
 10303 | D:8      | Found a stormy altar of Qazlal.
 10303 | D:8      | Found a broken altar of Ashenzari.
 10303 | D:8      | Found a blossoming altar of Fedhas.
 10304 | D:8      | Found a snail-covered altar of Cheibriados.
 10304 | D:8      | Found a glowing silver altar of Zin.
 10305 | D:8      | Found a burning altar of Makhleb.
 10549 | D:8      | Found a sparkling altar of Nemelex Xobeh.
 10638 | D:8      | Reached skill level 5 in Dodging
 11183 | D:8      | Found Vuppin Puung's Jewellery Shoppe.
 11252 | D:8      | Found a staircase to the Lair.
 11255 | D:8      | Reached XP level 11. HP: 89/89 MP: 18/22
 11597 | D:8      | Reached *** piety under Hepliaklqana
 11603 | D:8      | Paralysed by a hornet for 1 turns
 11969 | D:8      | Found a runed translucent door.
 11969 | D:8      | Noticed a centaur warrior
 11970 | D:8      | Noticed a deep elf pyromancer
 11971 | D:8      | Found a runed translucent door.
 11971 | D:8      | Found a runed translucent door.
 11981 | D:8      | Killed a deep elf pyromancer
 11986 | D:8      | Killed a centaur warrior
 12290 | D:8      | Found the necklace of Bloodlust {*Rage Will++ Int-3 Slay+6}
 12291 | D:8      | Noticed a centaur warrior
 12291 | D:8      | Noticed a five-headed hydra
 12305 | D:8      | Identified the +8 dire flail "Umag" {elec, rC+ Str+4}
 12307 | D:8      | Slain by a five-headed hydra

Illustrated notes

Levels and vault maps discovered:
D:1:      arrival_aquarium_b, layout_basic
D:2:      layout_basic
D:3:      layout_loops_ring, shapermc_ecumenical_altar_totnotflames,
          minmay_misc_feat_five, uniq_robin, uniq_crazy_yiuf_cottage
D:4:      layout_basic, minmay_temple_entry_butterflies, gup_sewer_entry_bowl,
          gammafunk_ghost_arena, uniq_pargi
D:5:      layout_basic, lemuel_doored_altar, chequers_hall_statues_corner_a,
          nicolae_shop_unique_rings, skrybe_limestone_x, serial_bayou_lake_a
D:6:      minmay_chambers_of_fours, layout_cave_pods, serial_shops, shop_statue,
          shop, nicolae_shop_waterfront, nicolae_take_the_stairs, shop,
          minmay_misc_feat_roman, st_stairs_12
D:7:      nzn_winding_woodlands_stair_cross [nzn_winding_woodlands_5x15_garden,
          nzn_winding_woodlands_center_lodge,
          nzn_winding_woodlands_5x15_pockets,
          nzn_winding_woodlands_5x5_checkerboard,
          nzn_winding_woodlands_5x5_open_star,
          nzn_winding_woodlands_5x15_default,
          nzn_winding_woodlands_center_diamonds,
          nzn_winding_woodlands_5x15_twine], layout_basic, grunt_ministairs_12
D:8:      minmay_the_grid_triangle_9x9_rhombus_full
          [minmay_the_grid_triangle_9x9_sparse_checkered,
          minmay_the_grid_triangle_9x9_from_above,
          minmay_the_grid_triangle_9x9_odd_lines,
          minmay_the_grid_triangle_9x9_descending_squares,
          minmay_the_grid_triangle_9x9_cache,
          minmay_the_grid_triangle_9x9_dagger,
          minmay_the_grid_triangle_9x9_fully_insulated_deathbox,
          minmay_the_grid_triangle_9x9_prize_insulated], layout_basic,
          nicolae_overflows_in_rows, nemelex_spade_bored_becter,
          erik_lair_orcish_takeover, serial_corexii_hall,
          chequers_hall_statues_y, corexii_hall_statues_t,
          chequers_hall_statues_y, corexii_hall_statues_l,
          corexii_hall_statues_deadend, minmay_misc_feat_x,
          minmay_shop_enchanted_jewellery
Temple:   nicolae_temple_figure_zero

Skill      XL: |  1  2  3  4  5  6  7  8  9 10 11 |
---------------+----------------------------------+-----
Stealth        | 2 3 |  3.0
Spellcasting   | 3 4 5 7 9 |  9.9
Conjurations   | 5 6 8 9 10 | 10.0
Fighting       | 3 9 10 | 10.0
Translocations | 2 3 |  3.0
Hexes          | 2 3 |  3.0
Dodging        | 5 |  5.0
Air Magic      | 3 |  3.0

Action                   |  1- 3 |  4- 6 |  7- 9 | 10-12 || total
-------------------------+-------+-------+-------+-------++-------
Melee: Unarmed           |     6 |       |       |       ||     6
       Tailslap          |     3 |     8 |     4 |     4 ||    19
       Dagger            |     9 |    86 |    12 |    34 ||   141
Throw: Dart              |       |       |       |     4 ||     4
       Throwing net      |       |       |       |     1 ||     1
 Cast: Magic Dart        |    82 |    47 |    39 |       ||   168
       Searing Ray       |     3 |    22 |    61 |    48 ||   134
       Iskenderun's Myst |       |       |     1 |    15 ||    16
       Fulminant Prism   |       |       |       |     6 ||     6
       Mephitic Cloud    |       |       |       |     3 ||     3
Invok: Ancestor Identity |       |       |     1 |       ||     1
       Ancestor Life: Kn |       |       |       |     1 ||     1
 Abil: Breathe Lightning |       |       |       |     1 ||     1
Evoke: Wand              |       |     2 |       |     3 ||     5
  Use: Potion            |       |     1 |       |     3 ||     4
       Scroll            |       |     5 |     3 |     2 ||    10
 Stab: Sleeping          |       |     2 |       |       ||     2
       Distracted        |       |       |       |     1 ||     1
Armor: Skin              |    11 |    40 |    10 |    26 ||    87
Dodge: Dodged            |    16 |    61 |    59 |    94 ||   230

Table legend: (Time is in decaauts)
 A = Elapsed time spent in this place.
 B = Non-inter-level travel time spent in this place.
 C = Inter-level travel time spent in this place.
 D = Time resting spent in this place.
 E = Time spent auto-exploring this place.
 F = Levels seen in this place.
 G = Mean time per level.
                   A        B        C        D        E       F      G
               +--------+--------+--------+--------+--------+-----+--------+
         Total |  12368 |  12216 |    152 |   2120 |   8018 |  10 | 1236.8 |
       Dungeon |  11635 |  11492 |    143 |   1939 |   7856 |   8 | 1454.4 |
        Temple |    191 |    182 |      9 |      0 |    162 |   1 |  191.0 |
         Sewer |    541 |    541 |      0 |    181 |      0 |   1 |  541.0 |
               +--------+--------+--------+--------+--------+-----+--------+

Top non-repeatable levels by time:
     D:7: 2200 daAuts
     D:6: 2086 daAuts
     D:8: 1919 daAuts
     D:1: 1636 daAuts
     D:3: 1381 daAuts
     D:5: 913 daAuts
     D:4: 772 daAuts
     D:2: 725 daAuts
   Sewer: 541 daAuts
  Temple: 191 daAuts
